 Dungeon Crawl Stone Soup version 0.25-a0-277-g7046ed1b37 (webtiles) character file.

Game seed: 12077321970078298389, levelgen mode: deterministic

10 MoonlitKnight the Slasher (level 2, -1/27 HPs)
             Began as a Minotaur Berserker on Dec 9, 2019.
             Was a Follower of Trog.
             Slain by a goblin
             ... wielding a +0 dagger
              (3 damage)
             ... on level 1 of the Dungeon.
             The game lasted 00:00:30 (235 turns).

MoonlitKnight the Slasher (Minotaur Berserker)       Turns: 235, Time: 00:00:31

Health: -1/27      AC:  2    Str: 21    XL:     2   Next: 10%
Magic:  1/1        EV: 12    Int:  4    God:    Trog [*.....]
Gold:   24         SH:  0    Dex:  9    Spells: 1/1 levels left

rFire    . . .     SeeInvis .   a - +0 falchion
rCold    . . .     Gourm    .   (no shield)
rNeg     . . .     Faith    .   b - +0 animal skin
rPois    .         Spirit   .   (helmet restricted)
rElec    .         Reflect  .   (no cloak)
rCorr    .         Harm     .   (no gloves)
MR       .....                  (no boots)
Stlth    +.........             (no amulet)
HPRegen  0.09/turn              (no ring)
MPRegen  0.07/turn              (no ring)

@: no status effects
A: retaliatory headbutt, horns 2
a: Berserk, Renounce Religion


You were on level 1 of the Dungeon.
You worshipped Trog.
Trog was aware of your devotion.
You were not hungry.

You visited 1 branch of the dungeon, and saw 1 of its levels.

You collected 24 gold pieces.

Inventory:

Hand Weapons
 a - a +0 falchion (weapon)
Missiles
 e - 15 poisoned darts (quivered)
Armour
 b - a +0 animal skin (worn)
Comestibles
 c - a ration
 d - a chunk of flesh


   Skills:
 + Level 3.8 Fighting
 * Level 4.0 Long Blades
 + Level 2.7 Armour
 - Level 2.1 Dodging


You had one spell level left.
You didn't know any spells.
Your spell library was empty.

Dungeon Overview and Level Annotations

Branches:
Dungeon (1/15)

Altars:


Innate Abilities, Weirdness & Mutations

You reflexively headbutt those who attack you in melee.
You have a pair of horns on your head.


Message History

You are too injured to fight recklessly!
You barely miss the leopard gecko. The leopard gecko bites you.
* * * LOW HITPOINT WARNING * * *
The frilled lizard bites you but does no damage.
The goblin hits you with a +0 dagger.
* * * LOW HITPOINT WARNING * * *
There is an open door here.
You hit the leopard gecko. You headbutt the leopard gecko.
You kill the leopard gecko!
Trog accepts your kill.
You have reached level 2!
The frilled lizard bites you.
* * * LOW HITPOINT WARNING * * *
The goblin hits you but does no damage.
You barely miss the frilled lizard. The frilled lizard misses you.
You furiously retaliate!
You headbutt the frilled lizard.
You kill the frilled lizard!
Trog accepts your kill. The goblin hits you with a +0 dagger.
You die...

..........####)#.#.#.###.
.......(..# #.#.#.#.# #.
..........# #.#...#.# #.
..........# #.##..#.# #.
..........# #.#...#.# #.
(.........# #.#.....# #.
..........# #.#...#.# ##
........†g# #.#.....#
########@## ##'#..#..##
#.####.........#
#....'...........
######..........#
########.#.. .#### #≈≈≈
#≈PP #≈.P


You could see a goblin.

Vanquished Creatures
  2 leopard geckos (D:1)
  2 hobgoblins (D:1)
  A bat (D:1)
  A frilled lizard (D:1)
  A goblin (D:1)
  2 kobolds (D:1)
9 creatures vanquished.

Notes
Turn   | Place    | Note
-------+----------+-------------------------------------------
     0 | D:1      | MoonlitKnight the Minotaur Berserker began the quest for
                  | the Orb.
     0 | D:1      | Reached XP level 1. HP: 19/19 MP: 0/0
   205 | D:1      | Reached skill level 4 in Long Blades
   234 | D:1      | Reached XP level 2. HP: 3/27 MP: 1/1
   235 | D:1      | Slain by a goblin

Levels and vault maps discovered:
D:1:      lightli_arrival_farm, layout_basic

Skill      XL: |  1 |
---------------+----+-----
Long Blades    | 4 |  4.0
Fighting       | |  3.8
Armour         | |  2.7
Dodging        | |  2.1

Action                   || total
-------------------------++-------
Melee: Falchion          ||    19
       Headbutt          ||     2
Armor: Animal skin       ||     4
Dodge: Dodged            ||    11
       Rpst.: Falchion   ||     4

Table legend:
 A = Non-vault XP
 B = Vault XP
 C = Vault XP percentage of total XP
 D = Non-vault monster count
 E = Vault monster count
 F = Vault count percentage of total count
                 A         B        C        D         E       F
            +---------+---------+-------+---------+---------+-------
      Total |      15 |       0 |   0.0 |       9 |       0 |   0.0
            +---------+---------+-------+---------+---------+-------
        D:1 |      15 |       0 |   0.0 |       9 |       0 |   0.0
            +---------+---------+-------+---------+---------+-------
